 Dungeon Crawl Stone Soup version 0.22.1-6-g1668fe2c40 (webtiles) character file.

46 Ludini the Vexing (level 3, -3/14 HPs)
             Began as a Felid Enchanter on Jan 9, 2019.
             Slain by a black bear (11 damage)
             ... on level 2 of the Dungeon on Jan 18, 2019.
             The game lasted 00:06:31 (2238 turns).

Ludini the Vexing (Felid Enchanter)                 Turns: 2238, Time: 00:06:31

Health: -3/14      AC:  1    Str:  4    XL:     3   Next: 44%
Magic:  5/7        EV: 18    Int: 17    God:
Gold:   64         SH:  0    Dex: 16    Spells: 3/6 levels left
                                        Lives:  0   Deaths: 0

rFire    . . .     SeeInvis +     - Unarmed
rCold    . . .     Gourm    .   (shield unavailable)
rNeg     . . .     Faith    .   (armour unavailable)
rPois    .         Spirit   .   (helmet unavailable)
rElec    .         Reflect  .   (cloak unavailable)
rCorr    .         Harm     .   (gloves unavailable)
MR       .....                  (boots unavailable)
Stlth    +++.......             (no amulet)
HPRegen  0.04/turn              (no ring)
MPRegen  0.10/turn              (no ring)

@: quick
A: very small, no armour, no weapons or thrown items, stealth, claws 1, fangs 3,
see invisible, carnivore, speed 1, shaggy fur 1, slow metabolism 1, sharp paws
a: no special abilities


You were on level 2 of the Dungeon.
You were very full.

You visited 1 branch of the dungeon, and saw 2 of its levels.

You collected 64 gold pieces.

Inventory:

Scrolls
 a - 4 scrolls of identify {unknown}
 d - a scroll of remove curse {unknown}
 i - 4 scrolls of amnesia {unknown}
Potions
 c - a potion of heal wounds {unknown}
 e - a potion of degeneration {unknown}
 f - a potion of curing {unknown}
 g - a potion of flight {unknown}
 h - a potion of brilliance {unknown}
 j - a potion of berserk rage {unknown}
 k - a potion of haste {unknown}
Comestibles
 b - a ration


   Skills:
 - Level 2.6 Dodging
 + Level 4.6 Stealth
 + Level 1.8 Unarmed Combat
 - Level 2.0 Spellcasting
 * Level 5.6 Hexes


You had 3 spell levels left.
You knew the following spells:

 Your Spells              Type           Power        Failure   Level  Hunger
a - Corona                Hex            ###....      1%          1    #......
b - Ensorcelled Hibernat  Hex/Ice        ##....       9%          2    ###....

Your spell library contained the following spells:

 Spells                   Type           Power        Failure   Level  Hunger
 Confuse                  Hex            ###.....     5%          3    ###....
 Tukima's Dance           Hex            ###.....     5%          3    ###....
 Dazzling Spray           Conj/Hex       ##....       19%         3    ###....


Dungeon Overview and Level Annotations

Branches:
Dungeon (2/15)

Altars:


Innate Abilities, Weirdness & Mutations

You cannot wear armour.
You are incapable of wielding weapons or throwing items.
Your paws allow you to move quietly. (Stealth)
You have sharp claws.
You have razor-sharp teeth.
You have supernaturally acute eyesight. (SInv)
You are carnivorous and can eat meat at any time.
You cover ground quickly.
You are covered in fur. (AC +1)
You have a slow metabolism.
Your sharp claws are effective at attacking unaware monsters.


Message History

Aim: a black bear (chance to defeat MR: 42%)
The black bear looks drowsy...
You pounce on the unaware helpless black bear!
You claw the black bear!
The black bear is heavily wounded.
The black bear bites you.
The black bear claws you but does no damage.
The black bear closely misses you.
You closely miss the black bear. You bite the black bear.
The black bear is severely wounded.
The black bear misses you. The black bear barely misses you.
The black bear misses you.
You barely miss the black bear. You bite the black bear.
The black bear is severely wounded.
The black bear goes berserk!
You barely miss the black bear.
The black bear is severely wounded.
The black bear bites you!
Ouch! That really hurt!
You die...

###.......รท#### ########
#...........# #......#
#...........###### #......#
#................. #..(...#
#...............>.
#......#####.................
#............................
#............................
#..........h@.......^....>...
#............................
###..........................
#..........................
#..............(...........
#...(......................
##.##......#..............#
#.........###...#........#
########...###............


You could see a black bear (berserk).

Vanquished Creatures
  An adder (D:2)
  A worm (D:2)
  A dart slug (D:1)
  A leopard gecko (D:1)
  A giant cockroach (D:1)
  4 goblins
  4 hobgoblins (D:1)
  2 quokkas (D:2)
  7 bats
  3 frilled lizards (D:1)
  2 kobolds (D:1)
  3 rats
30 creatures vanquished.

Vanquished Creatures (others)
  5 toadstools (D:1)
5 creatures vanquished.

Grand Total: 35 creatures vanquished

Notes
Turn   | Place    | Note
-------+----------+-------------------------------------------
     0 | D:1      | Ludini the Felid Enchanter began the quest for the Orb.
     0 | D:1      | Reached XP level 1. HP: 7/7 MP: 4/4
   420 | D:1      | Reached XP level 2. HP: 11/11 MP: 6/6
   624 | D:1      | Reached skill level 5 in Hexes
  1265 | D:1      | Learned a level 2 spell: Ensorcelled Hibernation
  1376 | D:2      | Noticed a black bear
  1479 | D:2      | Reached XP level 3. HP: 14/14 MP: 0/7
  1608 | D:2      | Upgraded the game from 0.22.1-5-g62c59d919a to
                  | 0.22.1-6-g1668fe2c40
  2238 | D:2      | Slain by a black bear

Skill      XL: |  1  2 |
---------------+-------+-----
Hexes          | 5 |  5.6
Dodging        | |  2.6
Stealth        | |  4.6
Unarmed Combat | |  1.8
Spellcasting   | |  2.0

Action                   || total
-------------------------++-------
Melee: Unarmed           ||    98
       Bite              ||     9
       Punch             ||     2
 Cast: Corona            ||     9
       Ensorcelled Hiber ||    13
 Stab: Sleeping          ||    15
  Eat: Chunk             ||     9
Armor: Skin              ||    11
Dodge: Dodged            ||    81
